[Event "Titled Tuesday Blitz February 22 Late 2022"]
[White "Kollars, Dmitrij"]
[Black "Naroditsky, Daniel"]
[WhiteFideId "12909572"]
[BlackFideId "2026961"]
[WhiteElo "2584"]
[BlackElo "2608"]
[Result "0-1"]
[Round "07"]
[TimeControl "180+1"]
[Date "2022.02.22"]
[WhiteClock "0:00:01"]
[BlackClock "0:00:15"]

1. e4 e5 2. Nf3 Nc6 3. Bb5 a6 4. Ba4 d6 5. O-O Bd7 6. c3 Nf6 7. Re1 g6 8. d4 Bg7 9. Bc2 O-O 10. h3 Re8 11. Nbd2 Nh5 12. Nf1 b5 13. Be3 h6 14. Rc1 Rb8 15. a3 Na5 16. b3 Qe7 17. Qd2 Kh7 18. c4 Nc6 19. d5 Nd8 20. c5 dxc5 21. Bd1 Nb7 22. Qc2 Bf8 23. Ng3 Nf6 24. Be2 c6 25. Red1 cxd5 26. exd5 Rbc8 27. d6 Qe6 28. Bg5 Ng8 29. Be3 f5 30. Nf1 e4 31. N3d2 Bxd6 32. a4 f4 33. axb5 axb5 34. Bg4 Qf7 35. Bxd7 Qxd7 36. Nxe4 fxe3 37. Nxe3 Qe6 38. Nxd6 Nxd6 39. Nd5 Nf6 40. Nf4 Qf5 41. Rxd6 Qxf4 42. Rcd1 Re1+ 43. Rxe1 Qxd6 44. Qe2 c4 45. bxc4 bxc4 46. Qf3 c3 47. Rc1 c2 48. Qe2 Qc7 49. Qe6 Kg7 0-1


[Site "https://www.chess.com"]

[Event "Titled Tuesday Blitz February 22 Late 2022"]
[White "Kopczynski, Michal"]
[Black "Medeiros Jr, Francisco De Assis"]
[WhiteFideId "1124200"]
[BlackFideId "2114267"]
[WhiteElo "2235"]
[BlackElo "1998"]
[Result "1/2-1/2"]
[Round "07"]
[TimeControl "180+1"]
[Date "2022.02.23"]
[WhiteClock "0:00:07"]
[BlackClock "0:00:06"]

1. e4 c6 2. d4 d5 3. Nc3 dxe4 4. Nxe4 Nf6 5. Ng3 c5 6. Nf3 Nc6 7. Be3 cxd4 8. Nxd4 Bd7 9. Bc4 e6 10. O-O Be7 11. Qe2 Ne5 12. Bb3 O-O 13. Rad1 Qc7 14. Bf4 Bd6 15. Kh1 Rac8 16. Rfe1 Nc4 17. Bg5 Ne8 18. Ne4 Nxb2 19. Nxd6 Nxd6 20. Rb1 Nbc4 21. h4 h6 22. Bf4 Qd8 23. Bxc4 Nxc4 24. Rxb7 e5 25. Bxe5 Qxh4+ 26. Kg1 Rfe8 27. Rxd7 Rxe5 28. Qd1 Rh5 29. f3 Qh2+ 30. Kf2 Rg5 31. Rg1 Qg3+ 32. Ke2 Re8+ 33. Kd3 Ne5+ 34. Kc3 Nxd7 35. Ne2 Qc7+ 36. Kb2 Rb5+ 37. Ka1 Rc5 38. Nd4 Qe5 39. f4 Qf6 40. Rf1 Rd5 41. c3 Rxd4 42. cxd4 Nf8 43. Re1 Rd8 44. Re5 Ng6 45. Re4 Kh7 46. Qe2 Qd6 47. Kb2 Qb6+ 48. Kc2 Rc8+ 49. Kd3 Qb5+ 50. Ke3 Rc3+ 51. Kf2 Qxe2+ 52. Kxe2 Rc2+ 53. Kd3 Rxa2 54. g4 Ra3+ 55. Kc4 Rg3 56. f5 Nf8 57. Kd5 Kg8 58. Kd6 f6 59. Re8 Kf7 60. Ra8 Rd3 61. Rxa7+ Kg8 62. d5 Rd4 63. Ra8 Kf7 64. Kc6 Rc4+ 65. Kd6 Rxg4 66. Kc6 Rc4+ 67. Kd6 Rc2 68. Ra7+ Kg8 69. Ra8 Rb2 70. Ke7 Re2+ 71. Kd6 Rd2 72. Kc6 Rc2+ 73. Kd6 Kf7 74. Ra7+ Ke8 75. Ra8+ Kf7 1/2-1/2


[Site "https://www.chess.com"]

[Event "Titled Tuesday Blitz February 22 Late 2022"]
[White "Kovanova, Baira"]
[Black "Murzin, Volodar"]
[WhiteFideId "4164083"]
[BlackFideId "44155573"]
[WhiteElo "2545"]
[BlackElo "2734"]
[Result "1-0"]
[Round "07"]
[TimeControl "180+1"]
[Date "2022.02.23"]
[WhiteClock "0:00:11"]
[BlackClock "0:00:01"]

1. e4 c5 2. Nf3 d6 3. d4 cxd4 4. Nxd4 Nf6 5. Nc3 a6 6. Be3 e5 7. Nf3 Be7 8. Bc4 O-O 9. O-O Nc6 10. Qe2 b5 11. Bb3 Na5 12. Rfd1 Nxb3 13. cxb3 Bb7 14. Nxe5 b4 15. Na4 Nxe4 16. f3 Nf6 17. Bb6 Qe8 18. Nd3 Nd5 19. Re1 Bf6 20. Qxe8 Rfxe8 21. Bf2 Bc6 22. Rad1 a5 23. Nb6 Nxb6 24. Bxb6 Bb5 25. Rxe8+ Rxe8 26. Nf4 Bxb2 27. Bxa5 Bc3 28. Nd5 Be2 29. Rc1 Bb2 30. Rc7 Bd4+ 31. Kh1 Bc5 32. h3 Bb5 33. Bxb4 1-0


[Site "https://www.chess.com"]

[Event "Titled Tuesday Blitz February 22 Late 2022"]
[White "Kujawski, Adam"]
[Black "Quirke, Jeffrey"]
[WhiteFideId "1100920"]
[BlackFideId "2013029"]
[WhiteElo "2053"]
[BlackElo "2203"]
[Result "1-0"]
[Round "07"]
[TimeControl "180+1"]
[Date "2022.02.23"]
[WhiteClock "0:00:04"]
[BlackClock "0:00:01"]

1. e4 c5 2. Nf3 e6 3. d4 cxd4 4. Nxd4 a6 5. c4 Nf6 6. Nc3 Bb4 7. Bd3 Nc6 8. Nc2 Bxc3+ 9. bxc3 O-O 10. O-O d5 11. exd5 exd5 12. Bg5 Ne5 13. cxd5 Qxd5 14. Bxf6 Nxd3 15. Ne3 Qd6 16. Bh4 Be6 17. Bg3 Qd7 18. Qh5 Qb5 19. Qh4 Qc6 20. c4 Rac8 21. Rab1 b5 22. cxb5 axb5 23. Rfd1 Bc4 24. a4 Rfd8 25. axb5 Bxb5 26. h3 f6 27. Kh2 Ba6 28. Qg4 Bb7 29. f3 g6 30. Nf5 Kf7 31. Nh6+ Kg7 32. Nf5+ Kh8 33. Ne7 Qc7 34. Nxc8 Qxc8 35. Qxc8 Bxc8 36. Rbc1 Bf5 37. Rc3 h5 38. Bh4 Kg7 39. Bf2 g5 40. g4 Bg6 41. Be3 hxg4 42. hxg4 Rd5 43. Kg3 Rd7 44. Rc6 Rd5 45. Rc7+ 1-0


[Site "https://www.chess.com"]

[Event "Titled Tuesday Blitz February 22 Late 2022"]
[White "Leitao, Rafael"]
[Black "Janaszak, Dawid"]
[WhiteFideId "2101246"]
[BlackFideId "1119206"]
[WhiteElo "2693"]
[BlackElo "2544"]
[Result "0-1"]
[Round "07"]
[TimeControl "180+1"]
[Date "2022.02.23"]
[WhiteClock "0:00:20"]
[BlackClock "0:00:05"]

1. c4 Nf6 2. Nc3 g6 3. e4 d6 4. d4 Bg7 5. Be2 O-O 6. Be3 Nbd7 7. h4 e5 8. d5 h5 9. f3 a6 10. Nh3 Qe7 11. Ng5 c5 12. Qd2 Rd8 13. Rb1 Nf8 14. b4 b6 15. Na4 N6d7 16. bxc5 bxc5 17. O-O f6 18. Nh3 f5 19. Bg5 Bf6 20. exf5 gxf5 21. f4 exf4 22. Rxf4 Ne5 23. Bxh5 Nfg6 24. Bxg6 Nxg6 25. Re1 Qg7 26. Rf3 Ne5 27. Rg3 Ng4 28. Bxf6 Qxf6 29. Nf2 Qxh4 30. Qf4 Rb8 31. Nxg4 fxg4 32. Rf1 Rb7 33. Nc3 Rh7 34. Ne4 Qh2+ 35. Kf2 Rf7 36. Nf6+ Rxf6 37. Qxf6 Rf8 38. Qxf8+ Kxf8 39. Rb1 Bf5 40. Rb8+ Kf7 41. Rb7+ Kf6 42. Rb6 Ke5 43. Rxa6 Qh6 44. Raa3 Qf4+ 45. Kg1 Be4 46. Rae3 Kd4 47. Rc3 Qd2 48. a4 Qxc3 49. Rxc3 Kxc3 50. a5 Kxc4 51. a6 Bxd5 52. Kf2 Kb5 0-1


[Site "https://www.chess.com"]

[Event "Titled Tuesday Blitz February 22 Late 2022"]
[White "Lenderman, Aleksandr"]
[Black "Indjic, Aleksandar"]
[WhiteFideId "2021285"]
[BlackFideId "911925"]
[WhiteElo "2651"]
[BlackElo "2616"]
[Result "1-0"]
[Round "07"]
[TimeControl "180+1"]
[Date "2022.02.22"]
[WhiteClock "0:01:02"]
[BlackClock "0:00:04"]

1. Nf3 d5 2. e3 Nf6 3. c4 c6 4. Nc3 Bg4 5. cxd5 cxd5 6. Qb3 Bc8 7. Bb5+ Nc6 8. Ne5 Qd6 9. d4 e6 10. O-O Be7 11. f4 O-O 12. Bd3 a6 13. Rf3 g6 14. Rh3 b5 15. Qd1 Bd7 16. g4 b4 17. Na4 Ne4 18. Nxd7 Qxd7 19. Nb6 Qb7 20. Nxa8 Rxa8 21. Bd2 Na5 22. Be1 Nc4 23. Qe2 Ncd6 24. Rc1 a5 25. Rf3 a4 26. Rf1 b3 27. a3 Kg7 28. Bb4 f5 29. gxf5 exf5 30. Kh1 Kh6 31. Bxd6 Nxd6 32. Rc3 Bf6 33. Rfc1 Qe7 34. Qf3 Rd8 35. Rc7 Rd7 36. Rxd7 Qxd7 37. Qxd5 Qe7 38. Qf3 Bh4 39. Rc6 Bf6 40. Kg2 Bh4 41. Qh3 g5 42. Qxf5 Kh5 43. Rxd6 1-0


[Site "https://www.chess.com"]

[Event "Titled Tuesday Blitz February 22 Late 2022"]
[White "Levine, David"]
[Black "Briscoe, Chris"]
[WhiteFideId "2011611"]
[BlackFideId "408360"]
[WhiteElo "2168"]
[BlackElo "2111"]
[Result "0-1"]
[Round "07"]
[TimeControl "180+1"]
[Date "2022.02.23"]
[WhiteClock "0:00:01"]
[BlackClock "0:00:14"]

1. d4 Nf6 2. c4 e6 3. g3 d5 4. Bg2 Be7 5. Nf3 O-O 6. O-O dxc4 7. Qc2 a6 8. Qxc4 b5 9. Qc2 Bb7 10. Bf4 Nd5 11. Rc1 Nxf4 12. gxf4 Bd6 13. Ng5 g6 14. Bxb7 Ra7 15. Bg2 Bxf4 16. Nf3 Bxc1 17. Qxc1 Nd7 18. Nbd2 Qe7 19. Qc6 e5 20. Nxe5 Nxe5 21. dxe5 Qxe5 22. Qc3 Qxe2 23. Ne4 b4 24. Nf6+ Kh8 25. Qd4 c5 26. Qh4 h5 27. Qg5 Kg7 28. h4 Qxb2 29. Nxh5+ Kh7 30. Rd1 Qe2 31. Nf6+ Kg7 32. Rd6 Re7 33. h5 Qe1+ 34. Kh2 Qe5+ 35. Qxe5 Rxe5 36. Rxa6 Re6 37. Rxe6 fxe6 38. Ne4 c4 39. Nc5 Rf6 40. hxg6 c3 41. Be4 Kh6 42. Kg3 Rf8 43. Nb3 Rc8 44. Bc2 Rc7 45. Kf3 e5 46. Ke3 Kg5 47. Nc1 Kf6 48. Ne2 Ra7 49. Bb3 c2 50. Kd2 Rc7 51. Bxc2 Rc6 52. Bd3 Rd6 53. Ke3 Rc6 54. f3 Rb6 55. Bc2 Rc6 56. Kd2 Rd6+ 57. Ke3 Rc6 58. Kd2 Ra6 59. Bb3 Rc6 60. Ke3 Kxg6 61. Ke4 Kf6 62. Ng3 Rd6 63. Nh5+ Ke7 64. Kxe5 Rd2 0-1


[Site "https://www.chess.com"]

[Event "Titled Tuesday Blitz February 22 Late 2022"]
[White "Lewtak, Damian"]
[Black "Tanenbaum, Zachary"]
[WhiteFideId "1141724"]
[BlackFideId "2060850"]
[WhiteElo "2361"]
[BlackElo "2168"]
[Result "1-0"]
[Round "07"]
[TimeControl "180+1"]
[Date "2022.02.22"]
[WhiteClock "0:00:36"]
[BlackClock "0:00:05"]

1. e4 e5 2. Nf3 Nc6 3. Bb5 a6 4. Bxc6 dxc6 5. O-O Qd6 6. b3 Be6 7. Bb2 f6 8. d4 O-O-O 9. Nbd2 exd4 10. Bxd4 Bg4 11. Be3 Ne7 12. Qb1 Ng6 13. a4 Qe6 14. c3 h5 15. b4 h4 16. b5 a5 17. Nd4 Rxd4 18. cxd4 h3 19. bxc6 Qxc6 20. Rc1 Qd6 21. Nc4 Qa6 22. Qb5 Qxb5 23. axb5 hxg2 24. Rxa5 Nh4 25. Nb6+ Kd8 26. Ra8+ Ke7 27. Rxc7+ Ke6 28. Re8+ Kd6 29. Bf4# 1-0


[Site "https://www.chess.com"]

[Event "Titled Tuesday Blitz February 22 Late 2022"]
[White "Liu, Leonardo"]
[Black "Pesotskiy, Mikhail"]
[WhiteFideId "30965780"]
[BlackFideId "34164453"]
[WhiteElo "2219"]
[BlackElo "2010"]
[Result "0-1"]
[Round "07"]
[TimeControl "180+1"]
[Date "2022.02.23"]
[WhiteClock "0:01:20"]
[BlackClock "0:01:54"]

1. e4 e6 2. d4 d5 3. Nd2 Nf6 4. e5 Nfd7 5. c3 c5 6. Bd3 Nc6 7. Ne2 cxd4 8. cxd4 f6 9. exf6 Qxf6 10. Nf3 h6 11. O-O Bd6 12. g3 O-O 13. Nh4 Rd8 14. Ng6 e5 15. dxe5 Ndxe5 16. Nxe5 Nxe5 17. Bf4 Bh3 18. Bxe5 Bxe5 19. Re1 g5 20. Nc3 Bd4 21. Re2 Rf8 22. Qd2 Qf3 0-1


[Site "https://www.chess.com"]

[Event "Titled Tuesday Blitz February 22 Late 2022"]
[White "Loay, Sameer"]
[Black "Guliyev, Namig"]
[WhiteFideId "8104239"]
[BlackFideId "13400363"]
[WhiteElo "2551"]
[BlackElo "2764"]
[Result "1-0"]
[Round "07"]
[TimeControl "180+1"]
[Date "2022.02.23"]
[WhiteClock "0:00:44"]
[BlackClock "0:00:13"]

1. Nf3 d5 2. g3 Nf6 3. Bg2 Nc6 4. d4 Bg4 5. O-O e6 6. c4 dxc4 7. Qa4 Bd6 8. Ne5 O-O 9. Nxg4 Nxg4 10. Bxc6 bxc6 11. Qxc6 e5 12. h3 Nf6 13. dxe5 Bxe5 14. Qxc4 Qd5 15. Na3 Rfd8 16. Qxd5 Rxd5 17. Nc4 Ne4 18. Nxe5 Rxe5 19. Bf4 Rb5 20. b3 Nc3 21. Rfe1 c5 22. Kf1 f6 23. Rec1 Nd5 24. Bd2 Kf7 25. Rc4 Nb6 26. Rc2 a5 27. Rac1 a4 28. Rxc5 Rxc5 29. Rxc5 axb3 30. axb3 Ra1+ 31. Kg2 Ra2 32. Be3 Kg6 33. Kf3 Nd7 34. Rc7 Ne5+ 35. Ke4 Rxe2 36. b4 Rb2 37. Bc5 Nf7 38. f4 f5+ 39. Kd5 Rb3 40. Ke6 Nh6 41. Bd4 Rd3 42. Rxg7+ Kh5 43. Rg5# 1-0


[Site "https://www.chess.com"]

[Event "Titled Tuesday Blitz February 22 Late 2022"]
[White "Lopez Del Alamo, Antonio"]
[Black "Liang, Jason"]
[WhiteFideId "2227339"]
[BlackFideId "30940303"]
[WhiteElo "2082"]
[BlackElo "1976"]
[Result "0-1"]
[Round "07"]
[TimeControl "180+1"]
[Date "2022.02.23"]
[WhiteClock "0:00:03"]
[BlackClock "0:00:06"]

1. e4 c6 2. d3 d5 3. Nd2 e5 4. Ngf3 Bd6 5. g3 Nf6 6. Bg2 O-O 7. O-O Re8 8. Re1 a5 9. a4 Nbd7 10. b3 Nf8 11. Bb2 Ng6 12. c3 Qb6 13. Qc2 Bc5 14. Re2 Be6 15. Rf1 Rad8 16. h3 dxe4 17. dxe4 Qa6 18. Rfe1 b5 19. Bf1 bxa4 20. bxa4 Rb8 21. Rb1 Qa7 22. Kg2 h6 23. Ra1 Qe7 24. Ree1 Red8 25. Nc4 Qc7 26. Ba3 Nd7 27. Nfd2 Bxa3 28. Nxa3 Nc5 29. Bc4 Bc8 30. Rab1 Ra8 31. h4 Qd7 32. Nf3 Qh3+ 33. Kg1 Qg4 34. Nh2 Qh3 35. Bf1 Qe6 36. Nc4 Ba6 37. Nb6 Ra7 38. Bxa6 Rxa6 39. Qe2 Nf8 40. Nf1 Qe7 41. Ne3 g6 42. Nec4 Kg7 43. Qe3 f6 44. Rbd1 Nfe6 45. Rxd8 Qxd8 46. Qe2 Ra7 47. Rd1 Qe7 48. Rd6 Rc7 49. f3 h5 50. Kg2 Nb7 51. Rd2 Nec5 52. Qe3 Nb3 53. Rb2 N3c5 54. Rd2 Qe6 55. Nxa5 Nxa5 56. Qxc5 Nb3 57. Qc4 Qxc4 58. Nxc4 Nxd2 59. Nxd2 Ra7 60. Nc4 Rxa4 61. Nd6 Ra2+ 62. Kh3 Kf8 63. Nb7 Ke7 64. Na5 Rxa5 0-1


[Site "https://www.chess.com"]

[Event "Titled Tuesday Blitz February 22 Late 2022"]
[White "Martirosyan, Haik M."]
[Black "Abdrlauf, Elham"]
[WhiteFideId "13306553"]
[BlackFideId "1533533"]
[WhiteElo "2735"]
[BlackElo "2334"]
[Result "1-0"]
[Round "07"]
[TimeControl "180+1"]
[Date "2022.02.22"]
[WhiteClock "0:01:35"]
[BlackClock "0:00:03"]

1. e4 c6 2. Nf3 d5 3. Nc3 dxe4 4. Nxe4 Nf6 5. Qe2 Nxe4 6. Qxe4 Nd7 7. Bc4 Nf6 8. Ne5 e6 9. Qe2 b5 10. Bd3 Qc7 11. Nxc6 a6 12. Ne5 Bd6 13. Nf3 Bb7 14. c3 O-O 15. Bc2 e5 16. d3 e4 17. dxe4 Nxe4 18. O-O Rfe8 19. Be3 Nf6 20. Rfd1 Bxf3 21. Qxf3 Bxh2+ 22. Kf1 Be5 23. Bb3 Rad8 24. g3 a5 25. a3 Rxd1+ 26. Rxd1 b4 27. cxb4 axb4 28. axb4 Bxb2 29. b5 Qc3 30. Ba2 Qa3 31. Bb1 Qb4 32. b6 Ng4 33. Bd2 Qb5+ 34. Kg2 Ne5 35. Qe4 Qxb6 36. Qxh7+ Kf8 37. Qh8+ Ke7 38. Bg5+ Ke6 39. Qxe8# 1-0


[Site "https://www.chess.com"]

[Event "Titled Tuesday Blitz February 22 Late 2022"]
[White "Mekhitarian, Krikor Sevag"]
[Black "Van Foreest, Jorden"]
[WhiteFideId "2107660"]
[BlackFideId "1039784"]
[WhiteElo "2598"]
[BlackElo "2609"]
[Result "0-1"]
[Round "07"]
[TimeControl "180+1"]
[Date "2022.02.22"]
[WhiteClock "0:00:01"]
[BlackClock "0:00:15"]

1. e4 c6 2. Nf3 d5 3. Nc3 Bg4 4. h3 Bxf3 5. Qxf3 e6 6. g3 Nd7 7. Bg2 Ngf6 8. O-O Bc5 9. d3 O-O 10. Qe2 b5 11. Kh2 a5 12. Bd2 a4 13. a3 dxe4 14. Nxe4 Nxe4 15. Bxe4 Rc8 16. c3 Nf6 17. Bf3 Be7 18. d4 Qd7 19. Rad1 Rfd8 20. Rfe1 h6 21. Kg2 Rb8 22. Bf4 Bd6 23. Bc1 Nd5 24. c4 bxc4 25. Qxc4 Ra8 26. Re2 Rdb8 27. Rc2 Rb6 28. h4 Qb7 29. Qe2 Rb3 30. Be4 Qd7 31. Rc4 Rb6 32. Bc2 Rba6 33. Qd3 Nf6 34. Qf3 Be7 35. Rc3 Qd5 36. Kg1 Rd8 37. Qe2 Ra7 38. Rc4 Qb5 39. Kf1 Qd5 40. Kg1 Qb5 41. Kf1 Rda8 42. Rc3 Qb7 43. Kg1 Bd8 44. Rf3 Ra5 45. Qd3 Kf8 46. Bd2 Rb5 47. Bc1 Be7 48. Re3 Rd5 49. Qc4 Qb5 50. Rc3 Rd6 51. Qf1 Qd5 52. Qg2 Bd8 53. Bf4 Rd7 54. Rxc6 Qxg2+ 55. Kxg2 Nd5 56. Bc1 Bb6 57. Rc4 Rda7 58. Be4 Rd8 59. Bc2 Rda8 60. Kf1 Ke7 61. Bd2 Kd7 62. h5 Bc7 63. Be4 Ra5 64. Bxa5 Rxa5 65. Bxd5 Rxd5 66. Rxa4 Rxh5 67. Ra7 Kd6 68. Rc1 Rh1+ 69. Kg2 Rxc1 70. Ra6+ Rc6 71. Ra7 Rc2 0-1


[Site "https://www.chess.com"]

[Event "Titled Tuesday Blitz February 22 Late 2022"]
[White "Mickiewicz, Piotr"]
[Black "Villegas, Pierre"]
[WhiteFideId "1114891"]
[BlackFideId "654183"]
[WhiteElo "2266"]
[BlackElo "2410"]
[Result "0-1"]
[Round "07"]
[TimeControl "180+1"]
[Date "2022.02.23"]
[WhiteClock "0:00:02"]
[BlackClock "0:00:02"]

1. Nf3 d5 2. b3 c5 3. Bb2 f6 4. e3 e5 5. Bb5+ Nc6 6. O-O Bd6 7. Bxc6+ bxc6 8. c4 Ne7 9. Ne1 O-O 10. f4 exf4 11. exf4 d4 12. d3 Nf5 13. Nc2 Qc7 14. Qf3 Re8 15. Rf2 Ne3 16. Nba3 Bg4 17. Qg3 Bf5 18. Rf3 Qa5 19. Re1 Nxc2 20. Nxc2 Qxa2 21. Nxd4 cxd4 22. Bxd4 Rxe1+ 23. Qxe1 Qxb3 24. Re3 Rf8 25. Bxa7 c5 26. d4 Qxc4 27. dxc5 Bxc5 28. Bxc5 Qxc5 29. Kh1 h6 30. h3 Kh7 31. Kh2 Rd8 32. Re7 Qc4 33. Qg3 Rg8 34. h4 h5 35. Qe3 Bg4 36. Qe1 Qxf4+ 37. g3 Qf5 38. Qe3 Rd8 39. Rc7 Rd3 0-1


[Site "https://www.chess.com"]

[Event "Titled Tuesday Blitz February 22 Late 2022"]
[White "Mikheev, Stanislav"]
[Black "Zeynalli, Rashad"]
[WhiteFideId "4135920"]
[BlackFideId "13403320"]
[WhiteElo "2462"]
[BlackElo "2622"]
[Result "0-1"]
[Round "07"]
[TimeControl "180+1"]
[Date "2022.02.23"]
[WhiteClock "0:00:07"]
[BlackClock "0:00:05"]

1. d4 Nf6 2. c4 e6 3. Nf3 d5 4. g3 Be7 5. Bg2 dxc4 6. O-O O-O 7. Qc2 b5 8. a4 b4 9. Nfd2 c6 10. Nxc4 Qxd4 11. Be3 Qd8 12. Rd1 Nd5 13. Bf4 Nd7 14. Bd6 Ba6 15. Nbd2 Bxd6 16. Nxd6 Qe7 17. N2c4 N7b6 18. e4 Nxc4 19. Nxc4 Nf6 20. Ne5 Rac8 21. Nxc6 Qe8 22. Rd6 Bb7 23. Rc1 Nd7 24. Qd2 Nb6 25. Nxa7 Rxc1+ 26. Qxc1 Qxa4 27. Rxb6 Qxa7 28. Rxb4 Rd8 29. h4 Ba8 30. Rc4 Qa6 31. Rc7 h5 32. Qf4 Rf8 33. Bh3 Qa1+ 34. Kh2 Qxb2 35. Kg2 Qd4 36. Rd7 Bxe4+ 37. f3 Qb2+ 38. Kg1 Qb6+ 39. Kh2 Qf2+ 40. Bg2 Bd5 41. Rxd5 exd5 42. Qe5 d4 43. Qxh5 d3 44. Qd5 d2 45. h5 Qe2 46. f4 d1=Q 0-1


[Site "https://www.chess.com"]

[Event "Titled Tuesday Blitz February 22 Late 2022"]
[White "Myers, Dominique"]
[Black "Golubev, Mikhail"]
[WhiteFideId "2041715"]
[BlackFideId "14100983"]
[WhiteElo "1986"]
[BlackElo "2374"]
[Result "1/2-1/2"]
[Round "07"]
[TimeControl "180+1"]
[Date "2022.02.23"]
[WhiteClock "0:01:26"]
[BlackClock "0:00:07"]

1. e4 c5 2. Nf3 d6 3. d4 cxd4 4. Nxd4 Nf6 5. Nc3 g6 6. Be3 Bg7 7. f3 Nc6 8. Qd2 O-O 9. O-O-O d5 10. Qe1 e5 11. Nxc6 bxc6 12. exd5 Nxd5 13. Bc4 Be6 14. Ne4 Qc7 15. Bc5 Rfd8 16. h4 h6 17. g4 f5 18. gxf5 gxf5 19. Nc3 Kh7 20. Rg1 Bf6 21. h5 Qf7 22. Rg6 Nxc3 23. Rxd8 Rxd8 24. Qxc3 Bxc4 25. Be3 f4 26. Bxf4 exf4 27. Rxf6 Qg7 28. Rg6 Qxc3 29. bxc3 Bd5 30. Rf6 Bxf3 31. Rxf4 Bxh5 32. Rf6 Rc8 33. a4 Kg7 34. Rd6 Bf7 35. Kd2 h5 36. Ke3 Rc7 37. Kf4 a6 38. Kg5 c5 39. Rxa6 c4 40. Ra5 Rd7 41. Rc5 Rd2 42. a5 Rxc2 43. a6 Ra2 44. Rc6 Ra5+ 45. Kh4 Bd5 46. Rd6 Bf7 47. Rc6 Ra4 48. Kg5 Ra5+ 49. Kh4 1/2-1/2


[Site "https://www.chess.com"]

[Event "Titled Tuesday Blitz February 22 Late 2022"]
[White "Nakamura, Hikaru"]
[Black "Jobava, Baadur"]
[WhiteFideId "2016192"]
[BlackFideId "13601520"]
[WhiteElo "2850"]
[BlackElo "2617"]
[Result "0-1"]
[Round "07"]
[TimeControl "180+1"]
[Date "2022.02.22"]
[WhiteClock "0:00:15"]
[BlackClock "0:00:09"]

1. Nf3 d5 2. b3 c6 3. Bb2 Bg4 4. e3 e6 5. d4 Nd7 6. Nbd2 f5 7. Be2 Ngf6 8. Ng5 Qe7 9. a4 O-O-O 10. c4 Kb8 11. a5 a6 12. b4 h6 13. Ngf3 dxc4 14. Nxc4 Bxf3 15. gxf3 g5 16. Ba3 Qf7 17. Qb3 Rg8 18. Nb2 g4 19. Bc4 Re8 20. f4 Nd5 21. Nd3 N7f6 22. Ne5 Qc7 23. Rc1 Rc8 24. Bf1 Bd6 25. Bg2 Ka8 26. Ke2 Bxe5 27. dxe5 Ne4 28. Bxe4 fxe4 29. Rc4 h5 30. Rxe4 h4 31. Rd4 g3 32. Rdd1 g2 33. Rhg1 h3 34. Bb2 Qh7 35. Bd4 Qe4 36. Kd2 Nxf4 37. Rge1 Rcd8 38. Qc4 Rd5 39. Kc3 Qf3 40. Qa2 Rdd8 41. Qc2 g1=Q 42. Rxg1 Rxg1 43. Rxg1 Ne2+ 44. Kb2 Nxg1 45. Qc5 Qxf2+ 46. Ka3 Rxd4 47. Qxd4 Qf8 48. Qg4 Nf3 49. Qxe6 Qd8 50. Qxh3 Nxe5 51. Qf5 Qd5 52. Qf8+ Ka7 53. Qc5+ Kb8 54. Qxd5 cxd5 55. h4 Kc7 56. h5 Kd6 57. h6 Nf7 58. h7 Ke5 59. b5 Ke4 60. Kb4 Kxe3 61. bxa6 bxa6 62. Kc5 d4 63. Kb6 d3 64. Kxa6 d2 65. Kb6 d1=Q 66. a6 Qd5 67. a7 0-1


[Site "https://www.chess.com"]

[Event "Titled Tuesday Blitz February 22 Late 2022"]
[White "Nasuta, Grzegorz"]
[Black "Karas, Marek"]
[WhiteFideId "1141686"]
[BlackFideId "14928558"]
[WhiteElo "2396"]
[BlackElo "2270"]
[Result "0-1"]
[Round "07"]
[TimeControl "180+1"]
[Date "2022.02.22"]
[WhiteClock "0:00:06"]
[BlackClock "0:01:16"]

1. e4 e6 2. d4 d5 3. Bd3 dxe4 4. Bxe4 Nf6 5. Bf3 c5 6. Ne2 Nc6 7. Be3 e5 8. Bxc6+ bxc6 9. dxe5 Qxd1+ 10. Kxd1 Ng4 11. Nd2 Nxe5 12. f3 Be7 13. Ne4 Nc4 14. Bxc5 Nxb2+ 15. Kd2 Nc4+ 16. Kc3 Nb6 17. Bxe7 Kxe7 18. Nf4 Rd8 19. Rhe1 Kf8 20. Rad1 Nd5+ 21. Nxd5 cxd5 22. Nc5 Bf5 23. Re5 Rac8 24. Kd4 Bxc2 25. Rc1 Bg6 26. Nd7+ Kg8 27. Rxc8 Rxc8 28. Rxd5 h6 29. Ra5 Rc2 30. Rxa7 Bf5 31. Ra8+ Kh7 32. Nf8+ Kg8 33. g4 Rc8 34. Ra5 Bc2 35. Nd7 Rd8 36. Ra7 Bd1 37. Ke3 Re8+ 38. Kf2 Re2+ 39. Kg3 Re3 40. Ra8+ Kh7 41. Nf8+ Kg8 42. Ne6+ Kh7 43. Nf8+ Kg8 44. Ng6+ Kh7 45. Nh4 g5 46. Nf5 Rxf3+ 47. Kg2 Rf4 48. h3 Bf3+ 49. Kg3 Bxa8 0-1


[Site "https://www.chess.com"]

[Event "Titled Tuesday Blitz February 22 Late 2022"]
[White "Nesterov, Arseniy"]
[Black "Sadhwani, Raunak"]
[WhiteFideId "24198455"]
[BlackFideId "35093487"]
[WhiteElo "2489"]
[BlackElo "2616"]
[Result "0-1"]
[Round "07"]
[TimeControl "180+1"]
[Date "2022.02.22"]
[WhiteClock "0:00:02"]
[BlackClock "0:00:13"]

1. d4 Nf6 2. c4 g6 3. Nc3 Bg7 4. e4 d6 5. Be2 O-O 6. Be3 Nbd7 7. Nf3 e5 8. O-O Re8 9. dxe5 dxe5 10. h3 c6 11. c5 Nh5 12. Re1 Nf4 13. Bf1 Ne6 14. b4 Ndf8 15. Ne2 a5 16. a3 Qc7 17. Qc2 Nf4 18. Nxf4 exf4 19. Bd4 Bxd4 20. Nxd4 Be6 21. Nf3 Nd7 22. Qc3 axb4 23. axb4 Rad8 24. Rad1 Nf8 25. Qf6 Rxd1 26. Rxd1 Bb3 27. Re1 Ne6 28. Qc3 Ba4 29. Ne5 h5 30. Nc4 Rd8 31. Nd6 b5 32. Qf6 Rd7 33. e5 Qd8 34. Bd3 Nd4 35. Qxf4 Ne6 36. Qf6 Nd4 37. Be4 Bc2 38. Bxc2 Nxc2 39. Rb1 Nd4 40. Ra1 Nc2 41. Rb1 Nd4 42. Kh1 Qxf6 43. exf6 Ra7 44. Re1 Ne6 45. g3 Ra4 46. Re4 g5 47. Nc8 Kh7 48. Ne7 Ra6 49. Kg2 Kh6 50. Re5 Nd4 51. Re4 Ne6 52. Re3 Kh7 53. Rd3 Ra4 54. Nxc6 g4 55. h4 Kg6 56. Rd5 Kxf6 57. Rxh5 Ra2 58. Rd5 Rb2 59. Rd6 Rc2 60. Nd4 Rc4 61. Nxe6 fxe6 62. Rb6 Rxb4 63. c6 Rb2 64. c7 Rc2 65. Rxb5 Rxc7 66. Rb4 Rg7 67. Kf1 e5 68. Ke2 Kf5 69. Rb8 Ra7 70. Rg8 Ra2+ 71. Kf1 Ra1+ 72. Kg2 Ra4 73. h5 Ra7 74. f3 Ra2+ 75. Kf1 gxf3 76. h6 Rh2 77. Rf8+ Ke4 78. Rf6 Ke3 79. Kg1 Rh3 80. g4 Ke2 81. g5 e4 82. Rf5 e3 83. g6 Rxh6 0-1


[Site "https://www.chess.com"]

[Event "Titled Tuesday Blitz February 22 Late 2022"]
[White "Nikologorsky, Matfei"]
[Black "Mogranzini, Roberto"]
[WhiteFideId "24102474"]
[BlackFideId "810894"]
[WhiteElo "2231"]
[BlackElo "2469"]
[Result "0-1"]
[Round "07"]
[TimeControl "180+1"]
[Date "2022.02.23"]
[WhiteClock "0:00:07"]
[BlackClock "0:00:28"]

1. e4 c5 2. Nf3 e6 3. d4 cxd4 4. Nxd4 a6 5. c4 Qc7 6. Bd3 Nf6 7. O-O Bd6 8. h3 Bh2+ 9. Kh1 Bf4 10. Nc3 Nc6 11. Nce2 Bxc1 12. Rxc1 d6 13. f4 Bd7 14. a3 O-O 15. g4 Rfd8 16. g5 Ne8 17. Nf3 Ne7 18. Ng3 Bc6 19. Qe2 b6 20. f5 Bb7 21. fxe6 fxe6 22. Nd4 Qd7 23. Nh5 Ng6 24. Rf2 Nc7 25. Rcf1 Rf8 26. Kh2 Qe7 27. h4 Ne5 28. Bc2 b5 29. cxb5 Nxb5 30. Nxb5 axb5 31. Rg2 Rxf1 32. Qxf1 Bc6 33. Qf4 Rf8 34. Nf6+ Kh8 35. h5 gxf6 36. gxf6 Qxf6 37. Qg3 Nf3+ 38. Kh1 Qh4+ 39. Qxh4 Nxh4 40. Rg4 Nf3 41. Bb3 Bd7 42. Rg3 Ne5 43. Rc3 Kg7 44. Rc7 Kh6 0-1


[Site "https://www.chess.com"]